 Dungeon Crawl Stone Soup version 0.19-a0-1049-g462a813 (webtiles) character file.

2142 Gagarin the Firebug (level 9, -3/68 HPs)
             Began as a Black Draconian Fire Elementalist on July 31, 2016.
             Was an Initiate of Vehumet.
             Slain by a wolf (6 damage)
             ... led by Grum
             ... on level 7 of the Dungeon.
             The game lasted 00:40:35 (9967 turns).

Gagarin the Firebug (DrFE)                          Turns: 9967, Time: 00:40:36

Health: -3/68      AC:  8    Str: 10    XL:     9   Next: 9%
Magic:  12/17      EV: 15    Int: 18    God:    Vehumet [......]
Gold:   256        SH:  0    Dex: 13    Spells: 4 memorised, 9 levels left

rFire  + . .     SeeInvis .     m - +0 glaive
rCold  x . .     Gourm    +     (armour unavailable)
rNeg   . . .     Faith    .     (shield currently unavailable)
rPois  .         Spirit   .     (helmet restricted)
rElec  +         Dismiss  .     K - +0 cloak
rCorr  .         Reflect  .     (no gloves)
SustAt .         Harm     .     (no boots)
MR     .....                    d - amulet of the gourmand
Stlth  ++........               (no ring)
                                u - ring of fire

@: short of breath, not resistant to hostile enchantments, unstealthy
A: breathe lightning, unfitting armour, electricity resistance, cold-blooded, AC
+7
a: Breathe Lightning, Renounce Religion


You were on level 7 of the Dungeon.
You worshipped Vehumet.
Vehumet was noncommittal.
You were very full.

You visited 2 branches of the dungeon, and saw 9 of its levels.

You collected 256 gold pieces.

Inventory:

Hand Weapons
 m - a +0 glaive (weapon)
 x - a +0 spear
 y - a +0 trident
 C - a +0 shortbow
Missiles
 e - 72 arrows
 f - 55 bolts
Armour
 K - a +0 cloak (worn)
Jewellery
 d - an amulet of the gourmand (around neck)
 u - a ring of fire (left hand)
Wands
 A - a wand of enslavement (13/24)
 G - a wand of random effects (23/48)
 I - a wand of lightning (15/15)
Scrolls
 c - 5 scrolls of identify
 o - 2 scrolls of amnesia
 q - 5 scrolls of remove curse
 r - 3 scrolls of enchant armour
 F - a scroll of teleportation
Potions
 g - 2 potions of invisibility
 i - 2 potions of flight
 j - a potion of might {unknown}
 k - a potion of degeneration {unknown}
 l - 6 potions of curing
 n - a potion of resistance {unknown}
 p - a potion of cure mutation {unknown}
 v - a potion of haste
 J - a potion of mutation {unknown}
Books
 a - a book of Flames

   Spells                             Type                      Level
   a - Flame Tongue                   Conjuration/Fire             1
   b - Throw Flame                    Conjuration/Fire             2
   c - Conjure Flame                  Conjuration/Fire             3
   d - Inner Flame                    Hexes/Fire                   3
   e - Sticky Flame                   Conjuration/Fire             4
   f - Fireball                       Conjuration/Fire             5
Comestibles
 b - 8 bread rations
 t - 5 slices of pizza
 B - 2 meat rations
 D - 7 beef jerkies


   Skills:
 + Level 2.4 Fighting
 + Level 2.7 Polearms
 + Level 0.5 Throwing
 + Level 5.6 Dodging
 + Level 3.1 Stealth
 + Level 5.3 Spellcasting
 + Level 4.7 Conjurations
 + Level 1.1 Hexes
 + Level 6.2 Fire Magic
 + Level 0.2 Evocations


You had 9 spell levels left.
You knew the following spells:

 Your Spells              Type           Power        Failure   Level  Hunger
a - Flame Tongue          Conj/Fire      #####        1%          1    None
b - Conjure Flame         Conj/Fire      #####...     4%          3    ##.....
c - Inner Flame           Hex/Fire       ####....     10%         3    ##.....
d - Throw Flame           Conj/Fire      #####.       1%          2    #......


Dungeon Overview and Level Annotations

Branches:
Dungeon (8/15)             Temple (1/1) D:6
   Lair: D:8-11

Altars:
Cheibriados
Dithmenos
Fedhas
Gozag
Makhleb
Nemelex Xobeh
Okawaru
Pakellas
Qazlal
Ru
Trog
Uskayaw
Vehumet
Xom
Yredelemnul

Annotations:
D:7 Grum; Joseph
D:8 Aquadorian's ghost, novice TrMo; Psyche


Innate Abilities, Weirdness & Mutations

You can breathe wild blasts of lightning.
Your glossy black scales are hard. (AC +7)
Your body does not fit into most forms of armour.
You are resistant to electric shocks. (rElec)
You are cold-blooded and may be slowed by cold attacks.


Message History

You feel a surge of power!
The flame tongue misses the wolf.
The flame tongue hits Grum.
Grum is lightly wounded.
The wolf misses you. Grum hits you from afar with a spear!
Casting: Flame Tongue
Confirm with . or Enter, or press ? or * to list all spells.
Aiming: Flame Tongue
Press: ? - help, Shift-Dir - straight line, f/p - Grum
Aim: Grum, wielding a spear and wearing an animal skin (lightly wounded)
You feel a surge of power!
The flame tongue hits the wolf.
The wolf is heavily wounded.
You have got your breath back.
The wolf completely misses you. The wolf closely misses you.
Grum hits you from afar with a spear.
You breathe a wild blast of lightning!
You hear a mighty clap of thunder!
You hear a shout!
The wolf completely misses you. Grum hits you from afar with a spear!!
* * * LOW HITPOINT WARNING * * *
The wolf bites you.
You die...

...'.........'...................
####.........####...#.#######.#..
# ##.......###.......# #.##.
##.....## #.#####.# #.### ##...##
#.# ##.## #.# ##'## #.# ##>..#
#.# # #.# #.# #....# #.# # #.#
#.###....# ####.### # ##.##
#.@hg...## #....... #######...##
#####.### #.##.##.
...........##### #.# #.##.##.
######....##...####.# #.##.##. #
#..............# #.##.... #
#######...###### #.#####. # #####
#.# #. # #.#####. #.......


You could see Grum and a wolf.

Vanquished Creatures
  The ghost of Aquadorian the Ruffian, an amateur TrMo (D:4)
  Eustachio (D:4)
  Edmund (D:6)
  A necrophage (D:7)
  2 ogres
  A wolf (D:7)
  A centaur (D:5)
  A howler monkey (D:4)
  3 electric eels (D:7)
  4 crimson imps
  2 jellies
  An orc priest (D:4)
  Crazy Yiuf (D:7)
  4 hounds
  An orc wizard (D:5)
  A giant frog skeleton (D:7)
  An iguana (D:4)
  6 worker ants
  A hound zombie (D:6)
  A hound skeleton (D:5)
  Robin (D:4)
  6 adders
  A shadow imp (D:5)
  2 oozes
  2 worms
  2 dart slugs (D:1)
  5 giant geckos
  25 orcs
  11 bats
  6 giant cockroaches
  11 goblins
  6 hobgoblins
  8 jackals (D:7)
  3 quokkas
  A giant gecko zombie (D:5)
  A giant newt (D:3)
  7 kobolds
  A quokka zombie (D:5)
  7 rats
  A spectral orc (D:7)
142 creatures vanquished.

Vanquished Creatures (others)
  Pikel (D:7)
  A slave (D:7)
  A crimson imp (D:7)
  An orc priest (D:7)
  An orc wizard (D:7)
  A gnoll (D:7)
  An adder (D:7)
  An ooze (D:7)
  3 orcs (D:7)
11 creatures vanquished.

Grand Total: 153 creatures vanquished

Notes
Turn   | Place    | Note
-------+----------+-------------------------------------------
     0 | D:1      | Gagarin the Draconian Fire Elementalist began the quest for the Orb.
     0 | D:1      | Reached XP level 1. HP: 14/14 MP: 3/3
   310 | D:1      | Reached XP level 2. HP: 20/20 MP: 1/5
   874 | D:2      | Reached XP level 3. HP: 26/26 MP: 4/6
   879 | D:2      | Learned a level 3 spell: Conjure Flame
  2259 | D:3      | Reached XP level 4. HP: 34/34 MP: 5/7
  2591 | D:3      | Noticed an ogre
  2785 | D:3      | Killed an ogre
  2785 | D:3      | Reached XP level 5. HP: 39/39 MP: 0/9
  2965 | D:3      | Reached skill level 4 in Fire Magic
  3080 | D:3      | Found a burning altar of Makhleb.
  3493 | D:4      | Reached XP level 6. HP: 46/46 MP: 4/10
  3638 | D:4      | Noticed Eustachio
  4282 | D:4      | Noticed Aquadorian's ghost (amateur TrMo)
  4665 | D:4      | Learned a level 3 spell: Inner Flame
  4668 | D:4      | Learned a level 2 spell: Throw Flame
  4734 | D:4      | Killed Eustachio
  4734 | D:4      | Your scales start taking on a glossy black colour.
  4734 | D:4      | Reached XP level 7. HP: 51/51 MP: 1/12
  4734 | D:4      | Gained mutation: You are resistant to electric shocks. (rElec) [Black Draconian growth]
  5064 | D:4      | Killed Aquadorian's ghost
  5064 | D:4      | Reached skill level 1 in Fighting
  5064 | D:4      | Reached skill level 5 in Fire Magic
  5189 | D:4      | Noticed Robin
  5209 | D:4      | Killed Robin
  5706 | D:5      | Entered Level 5 of the Dungeon
  5719 | D:5      | Reached skill level 1 in Polearms
  6320 | D:5      | Reached XP level 8. HP: 59/59 MP: 14/14
  6504 | D:5      | Found an iron altar of Okawaru.
  6815 | D:6      | Found a staircase to the Ecumenical Temple.
  6824 | Temple   | Entered the Ecumenical Temple
  6831 | Temple   | Became a worshipper of Vehumet
  7216 | D:6      | Found an oddly glowing altar of Pakellas.
  7233 | D:6      | Found a snail-covered altar of Cheibriados.
  7411 | D:6      | Found a stormy altar of Qazlal.
  7425 | D:6      | Found a blossoming altar of Fedhas.
  7434 | D:6      | Noticed Edmund
  7452 | D:6      | Killed Edmund
  7452 | D:6      | Reached skill level 5 in Dodging
  8090 | D:7      | Noticed Pikel
  8162 | D:7      | Killed Pikel
  8162 | D:7      | Reached skill level 5 in Spellcasting
  8162 | D:7      | Reached skill level 1 in Hexes
  8465 | D:7      | Found a basalt altar of Yredelemnul.
  8588 | D:7      | Reached skill level 6 in Fire Magic
  8937 | D:7      | Found a runed door.
  8941 | D:7      | Noticed Crazy Yiuf
  8946 | D:7      | Killed Crazy Yiuf
  8946 | D:7      | Reached XP level 9. HP: 67/67 MP: 12/16
  9264 | D:8      | Noticed Aquadorian's ghost (novice TrMo)
  9436 | D:8      | Noticed Psyche
  9511 | D:8      | Noticed Joseph
  9511 | D:8      | Noticed Grum
  9967 | D:7      | HP: 3/68 [Grum/spear (18)]
  9967 | D:7      | Slain by a wolf

Vault maps used:
D:1:      dpeg_arrival_rhombus
D:2:      hangedman_decor_points
D:3:      first_bread, makhleb_blood_cavern_becter
D:4:      uniq_robin, uniq_eustachio
D:5:      okawaru_trees_2, serial_park_tiny_pond
D:6:      grunt_temple_overflow_forces_of_nature, marbit_many_paths,
          solitary_fountain, minmay_statues_item, grunt_pakellas_salt,
          uniq_edmund
D:7:      yredelemnul_forgotten_temple_becter, st_stairs_8, minivault_14,
          grunt_ogre_cave, uniq_crazy_yiuf_cottage, uniq_pikel
D:8:      minmay_tree_intersection, uniq_joseph, uniq_grum, uniq_psyche
Temple:   compressed_dpeg_triangle_lava_temple

Skill      XL: |  1  2  3  4  5  6  7  8  9 |
---------------+----------------------------+-----
Dodging        | 2 3 4 5 |  5.6
Stealth        | 2 3 |  3.1
Spellcasting   | 3 4 5 |  5.3
Conjurations   | 2 3 4 |  4.7
Fire Magic     | 4 5 6 |  6.2
Fighting       | 1 2 |  2.4
Polearms       | 1 2 |  2.7
Hexes          | 1 |  1.1
Throwing       | |  0.5
Evocations     | |  0.2

Action                   |  1- 3 |  4- 6 |  7- 9 || total
-------------------------+-------+-------+-------++-------
Melee: Unarmed           |    37 |    22 |       ||    59
       Tailslap          |     2 |     6 |     6 ||    14
       Trident           |       |    48 |    17 ||    65
       Glaive            |       |       |   176 ||   176
       Spear             |       |       |     1 ||     1
Throw: Tomahawk          |     6 |     2 |       ||     8
 Cast: Flame Tongue      |    69 |   111 |    87 ||   267
       Conjure Flame     |     3 |     9 |    24 ||    36
       Throw Flame       |       |       |    11 ||    11
       Inner Flame       |       |       |     6 ||     6
 Abil: Breathe Lightning |       |       |     4 ||     4
Evoke: Wand              |       |       |     1 ||     1
  Use: Scroll            |       |     6 |    10 ||    16
       Potion            |       |       |     5 ||     5
 Stab: Distracted        |       |       |     1 ||     1
       Sleeping          |       |       |     3 ||     3
  Eat: Chunk             |     6 |    18 |    21 ||    45
Armor: Skin              |    30 |    30 |    66 ||   126
Dodge: Dodged            |    56 |   112 |   190 ||   358
